 Dungeon Crawl Stone Soup version 0.27.0-1-g7a089689b8 (webtiles) character file.

Game seed: 12812834440599399308

21 Sobieck the Cudgeller (level 2, 27/27 HPs)
             Began as a Minotaur Monk on Aug 5, 2021.
             Was an Initiate of Ashenzari.
             Got out of the dungeon alive.
             The game lasted 00:01:36 (688 turns).

Sobieck the Cudgeller (Minotaur Monk)                Turns: 688, Time: 00:01:37

Health: 27/27      AC:  4    Str: 15    XL:     2   Next: 62%
Magic:  1/1        EV: 13    Int:  7    God:    Ashenzari [......]
Gold:   18         SH:  0    Dex: 12    Spells: 1/1 levels left

rFire    . . .     SeeInvis .   b - +0 hunting sling {sling}
rCold    . . .     Faith    .   (no shield)
rNeg     . . .     Spirit   .   c - +2 robe {Will+}
rPois    .         Reflect  .   (helmet restricted)
rElec    .         Harm     .   (no cloak)
rCorr    .         Rampage  .   (no gloves)
Will     +....                  (no boots)
Stlth    ++........             (no amulet)
HPRegen  0.09/turn              (no ring)
MPRegen  0.07/turn              (no ring)

@: no status effects
A: horns 2, retaliatory headbutt
a: Renounce Religion, Curse Item


You escaped.
You worshipped Ashenzari.
Ashenzari was noncommittal.
You visited 1 branch of the dungeon, and saw 1 of its levels.

You collected 18 gold pieces.


Innate Abilities, Weirdness & Mutations

You have a pair of horns on your head.
You reflexively headbutt those who attack you in melee.


   Skills:
 + Level 3.9 Fighting
 * Level 4.3 Maces & Flails
 + Level 3.5 Dodging
 - Level 1.5 Stealth


You had one spell level left.
You didn't know any spells.
Your spell library was empty.

Inventory:

Hand Weapons
 a - a +0 mace {mace}
 b - a +0 hunting sling (weapon) {sling}
   (You found it on level 1 of the Dungeon)
Missiles
 f - 26 arrows
 g - 10 stones (quivered ammo) {throwing}
Armour
 c - a +2 robe of willpower (worn)
   (You found it on level 1 of the Dungeon)
 h - a +0 robe
Scrolls
 d - a scroll of blinking {!r}
Potions
 e - a potion of cancellation

Dungeon Overview and Level Annotations

Branches:
Dungeon (1/15)

Altars:
Ashenzari

#####.......### #....#
#.##......#...## #....#
#....#...####..#####....#
..##....## ##..#..###.##
..###...## ##.##.# #.#
..####...## #..#.# #.#
..##......# ##.#.# #.#
#.#.......## ###.#.###.#
###.#.##...###..@#..##.#
#...###........#.....#
##.## ####..####..#..#
#.##########........#
#...................##
##...###..............#
##..######.............#
##...####.............#.#
.....................##.#


There were no monsters in sight!


Message History

A dart slug comes into view.
You shoot a stone {throwing}.
The stone {throwing} hits the hobgoblin but does no damage.
The dart slug launches a dart at you. The slug dart hits you.
You shoot a stone {throwing}.
The stone {throwing} hits the hobgoblin.
You kill the hobgoblin!
You shoot a stone {throwing}.
The stone {throwing} hits the ball python but does no damage.
You shoot a stone {throwing}.
The stone {throwing} barely misses the ball python.
The dart slug launches a dart at you. The slug dart hits you.
The ball python misses you. The ball python grabs you.
The ball python constricts you.
a - a +0 mace (weapon)
{mace} You are too injured to fight recklessly!
You are too injured to fight recklessly!
You are too injured to fight recklessly!
You closely miss the ball python. Your headbutt misses the ball python.
The ball python bites you. The ball python constricts you.
The dart slug launches a dart at you. The slug dart misses you.
The ball python bites you but does no damage.
The ball python constricts you.
You barely miss the ball python. The ball python misses you.
The ball python constricts you. The dart slug launches a dart at you.
The slug dart misses you.
You thump the ball python!
You kill the ball python!
You see here a ball python corpse.
The dart slug launches a dart at you. The slug dart hits you.
* * * LOW HITPOINT WARNING * * *
You thump the dart slug! The dart slug bites you.
* * * LOW HITPOINT WARNING * * *
You hit the dart slug but do no damage. You headbutt the dart slug.
You kill the dart slug!
g - 6 stones {throwing} (gained 1)
You see here a hobgoblin corpse.
g - 7 stones {throwing} (gained 1)
g - 8 stones {throwing} (gained 1)
g - 9 stones {throwing} (gained 1)
You see here a hobgoblin corpse.
g - 10 stones {throwing} (gained 1)
There is a stone staircase leading down here.
There is a stone staircase leading down here.
A ball python comes into view.
Danger!
b - a +0 hunting sling (weapon)
{sling} The ball python hisses angrily.
You shoot a stone {throwing}.
The stone {throwing} barely misses the ball python.
You shoot a stone {throwing}.
The stone {throwing} hits the ball python.
You kill the ball python!
No target in view!
No target in view!
g - 9 stones {throwing} (gained 1)
You see here a ball python corpse.
g - 10 stones {throwing} (gained 1)
You enter the shallow water.
Moving in this stuff is going to be slow.
You enter the shallow water.
Moving in this stuff is going to be slow.
You enter the shallow water.
Moving in this stuff is going to be slow.
Found a faded altar of an unknown god.
Unknown command.
There is a faded altar of an unknown god here.
You cannot tell which god this altar belongs to.
Convert to them anyway?
Okay, then.
You cannot tell which god this altar belongs to.
Convert to them anyway? [Y]es or [N]o only, please.
You cannot tell which god this altar belongs to.
Convert to them anyway?
Ashenzari accepts your prayer! Ashenzari welcomes you!
Ashenzari invites you to partake of a vision and a curse of fortitude and evocations.
d - a scroll of blinking;
e - a potion of cancellation Ashenzari warns you of distant threats and treasures.
Ashenzari reveals the structure of the dungeon to you.
Ashenzari shows you where magical portals lie.
Ashenzari prevents you from stumbling into unseen traps.
Ashenzari identifies your possessions.
Unknown command.
Press < or > to pray at altars.
Unknown command.
Press < or > to pray at altars.
Okay, then.
Unknown command.
Press < or > to pray at altars.
(D) Dungeon
Where to? (? - help)
Okay, then.
You enter the shallow water.
Moving in this stuff is going to be slow.
Ashenzari invites you to partake of a vision and a curse of cunning and elements.
You enter the shallow water.
Moving in this stuff is going to be slow.
There is a staircase leading out of the dungeon here.
Are you sure you want to leave the Dungeon?
This will make you lose the game!
You have escaped!

Skill      XL: |  1 |
---------------+----+-----
Maces & Flails | 4 |  4.3
Fighting       | |  3.9
Dodging        | |  3.5
Stealth        | |  1.5

Action                   || total
-------------------------++-------
Melee: Mace              ||    14
       Headbutt          ||     3
 Fire: Hunting sling     ||    17
Armor: Robe              ||     2
Dodge: Dodged            ||     8

Levels and vault maps discovered:
D:1:      dpeg_arrival_round_b, layout_rooms,
          shapermc_ecumenical_altar_hornbeckon

Notes
Turn   | Place    | Note
-------+----------+-------------------------------------------
     0 | D:1      | Sobieck the Minotaur Monk began the quest for the Orb.
     0 | D:1      | Reached XP level 1. HP: 19/19 MP: 0/0
    82 | D:1      | Reached skill level 4 in Maces & Flails
   160 | D:1      | Reached XP level 2. HP: 27/27 MP: 1/1
   636 | D:1      | Found a faded altar of an unknown god.
   639 | D:1      | Became a worshipper of Ashenzari the Shackled
   688 | D:$      | Got out of the dungeon alive.

Vanquished Creatures
  A dart slug (D:1)
  4 ball pythons (D:1)
  An endoplasm (D:1)
  2 hobgoblins (D:1)
  3 jackals (D:1)
  2 kobolds (D:1)
  A quokka (D:1)
  A frilled lizard (D:1)
  2 rats (D:1)
17 creatures vanquished.

Table legend:
 A = Non-vault XP
 B = Vault XP
 C = Vault XP percentage of total XP
 D = Non-vault monster count
 E = Vault monster count
 F = Vault count percentage of total count
                 A         B        C        D         E       F
            +---------+---------+-------+---------+---------+-------
      Total |      30 |       0 |   0.0 |      17 |       0 |   0.0
            +---------+---------+-------+---------+---------+-------
        D:1 |      30 |       0 |   0.0 |      17 |       0 |   0.0
            +---------+---------+-------+---------+---------+-------

Illustrated notes

Table legend:
 A = Kills in this place as a percentage of kills in entire the game.
 B = Kills by you in this place as a percentage of kills by you in the entire game.
 C = Kills by friends in this place as a percentage of kills by friends in the entire game.
 D = Other kills in this place as a percentage of other kills in the entire game.
 E = Experience gained in this place as a percentage of experience gained in the entire game.
 F = Experience gained in this place divided by the number of levels of this place that you have seen.
                   A       B       C       D       E      F
               +-------+-------+-------+-------+-------+----------------------
         Total | 100.0 | 100.0 |   N/A |   N/A | 100.0 |  30.0
       Dungeon | 100.0 | 100.0 |   N/A |   N/A | 100.0 |  30.0
               +-------+-------+-------+-------+-------+----------------------

Table legend: (Time is in decaauts)
 A = Elapsed time spent in this place.
 B = Non-inter-level travel time spent in this place.
 C = Inter-level travel time spent in this place.
 D = Time resting spent in this place.
 E = Time spent auto-exploring this place.
 F = Levels seen in this place.
 G = Mean time per level.
                   A        B        C        D        E       F      G
               +--------+--------+--------+--------+--------+-----+--------+
         Total |    699 |    650 |     49 |      0 |    546 |   1 |  699.0 |
       Dungeon |    699 |    650 |     49 |      0 |    546 |   1 |  699.0 |
               +--------+--------+--------+--------+--------+-----+--------+

Top non-repeatable levels by time:
     D:1: 699 daAuts
